 Dungeon Crawl Stone Soup version 0.30-a0-852-g08b95dd62f (webtiles) character file.

Game seed: 8761802334871869035

92 cforsyth the Caller (level 4, -2/24 HPs)
             Began as a Deep Elf Summoner on Mar 4, 2023.
             Succumbed to an adder's poison
             ... on level 3 of the Dungeon.
             The game lasted 00:04:21 (3234 turns).

cforsyth the Caller (Deep Elf Summoner)             Turns: 3234, Time: 00:04:22

Health: -2/24      AC:  3    Str:  5    XL:     4   Next: 35%
Magic:  6/12       EV: 12    Int: 22    God:
Gold:   174        SH:  0    Dex: 15    Spells: 3/12 levels left

rFire   . . .      SeeInvis .    (no weapon)
rCold   . . .      Faith    .    (no shield)
rNeg    . . .      Spirit   .    a - +0 robe
rPois   .          Reflect  .    (no helmet)
rElec   .          Rampage  .    i - +0 cloak
rCorr   .                        (no gloves)
Will    .....                    (no boots)
Stlth   ++                       (no amulet)
HPRegen 0.24/turn                (no ring)
MPRegen 0.13/turn                (no ring)

@: brilliant, lethally poisoned (-2 -> -15), invisible
A: no striking features
a: no special abilities


You were on level 3 of the Dungeon.
You visited 1 branch of the dungeon, and saw 3 of its levels.

You collected 174 gold pieces.

Inventory:

Missiles
 j - a throwing net
Armour
 a - a +0 robe (worn)
 i - a +0 cloak (worn)
Jewellery
 n - an amulet of the acrobat
Scrolls
 d - a scroll of enchant armour {unknown}
 e - 3 scrolls of teleportation {unknown}
 f - a scroll of blinking {unknown}
 g - a scroll of noise {unknown}
 h - 4 scrolls of identify {unknown}
 l - a scroll of immolation {unknown}
 m - a scroll of enchant weapon {unknown}
Potions
 b - a potion of magic
 c - a potion of brilliance
 k - a potion of resistance {unknown}
 o - a potion of invisibility
 p - a potion of mutation {unknown}
 q - a potion of curing {unknown}


   Skills:
 - Level 2.4 Dodging
 - Level 2.4 Stealth
 + Level 4.9 Spellcasting
 + Level 0.1 Hexes
 + Level 5.5 Summonings


You had 3 spell levels left.
You knew the following spells:

 Your Spells              Type           Power      Damage    Failure   Level
a - Summon Small Mammal   Summ           100%       N/A       1%          1
b - Call Imp              Summ           44%        N/A       1%          2
c - Call Canine Familiar  Summ           44%        N/A       3%          3
d - Summon Guardian Gole  Hex/Summ       26%        N/A       10%         3

Your spell library contained the following spells:

 Spells                   Type           Power      Damage    Failure   Level
 Summon Lightning Spire   Summ/Air       26%        N/A       32%         4
 Summon Forest            Summ/Tloc      13%        N/A       65%         5
 Summon Mana Viper        Hex/Summ       26%        N/A       65%         5
 Summon Cactus Giant      Summ           22%        N/A       85%         6


Dungeon Overview and Level Annotations

Branches:
Dungeon (3/15)

Altars:
Hepliaklqana


Message History

The jackal bites you but does no damage.
The adder attacks as you move away! The adder completely misses you.
The adder bites you but does no damage.
The jackal bites you but does no damage.
The jackal attacks as you move away! The jackal bites you.
The jackal attacks as you move away! The jackal closely misses you.
The adder attacks as you move away! The adder bites you.
Your crimson imp blinks!
The adder barely misses you. The jackal misses you.
You bump into the rock wall.
You feel less confused.
The jackal bites you but does no damage.
The adder bites you.
You are poisoned.
The adder poisons you!
You feel sick.
The jackal bites you but does no damage.
Casting: Summon Small Mammal (safe; 1% risk of failure)
Confirm with . or Enter, or press ? or * to list all spells.
The spell is quite dangerous to miscast (3% risk of failure)!
Continue anyway?
You feel sick. The adder bites you.
* * * LOW HITPOINT WARNING * * *
You are lethally poisoned!
The adder poisons you! The orc barely misses your hound.
The jackal barely misses you. The adder barely misses you.
Your crimson imp barely misses the jackal.
It was a potion of brilliance.
You feel clever all of a sudden.
* * * LOW HITPOINT WARNING * * *
You feel sick.
The jackal bites you but does no damage.
The orc closely misses you. The orc barely misses your hound.
Your hound bites the orc.
The adder bites you.
* * * LOW HITPOINT WARNING * * *
You are more poisoned.
The adder poisons you!
Your crimson imp hits the jackal but does no damage.
It was a potion of invisibility.
You fade into invisibility!
You die...

..<# #.<.# ...# #).#
...####..########
........).......#
..#.............#
....#####.......#
..............5.#
.......).......h##########
....####.......S@........#
.......#####..oo......##.#
.....### #...h.>###.##<#
..#...######......# #...>#
..###.............# ##..##
..# ########......# ####
..### #......# .††.##
#......# ..#..##


You could see an adder (unable to see you), 2 orcs, a jackal (unable to see
you), a friendly hound (summoned) and a friendly crimson imp (summoned).

Vanquished Creatures
  A ball python (D:2)
  A rat (D:1)
2 creatures vanquished.

Vanquished Creatures (collateral kills)
  A gnoll (D:3)
  An adder (D:3)
  A worm (D:2)
  3 dart slugs
  An orc (D:3)
  4 ball pythons (D:2)
  6 bats
  7 endoplasms
  A giant cockroach (D:1)
  5 goblins
  5 hobgoblins
  7 jackals
  3 quokkas
  2 frilled lizards
  3 kobolds
  3 rats
53 creatures vanquished.

Vanquished Creatures (others)
  5 fungi (D:2)
  A plant (D:2)
6 creatures vanquished.

Grand Total: 61 creatures vanquished

Notes
Turn   | Place    | Note
-------+----------+-------------------------------------------
     0 | D:1      | cforsyth the Deep Elf Summoner began the quest for the Orb.
     0 | D:1      | Reached XP level 1. HP: 10/10 MP: 6/6
   247 | D:1      | Reached XP level 2. HP: 15/15 MP: 6/8
   250 | D:1      | Learned a level 2 spell: Call Imp
  1030 | D:2      | Reached skill level 5 in Summonings
  1030 | D:2      | Reached XP level 3. HP: 19/19 MP: 6/10
  1034 | D:2      | Learned a level 3 spell: Call Canine Familiar
  1867 | D:2      | Found a faded altar of an unknown god.
  2466 | D:3      | Found a hazy altar of Hepliaklqana.
  2758 | D:3      | Reached XP level 4. HP: 24/24 MP: 10/12
  2849 | D:3      | Learned a level 3 spell: Summon Guardian Golem
  3233 | D:3      | HP: 1/24 [adder (2)]
  3234 | D:3      | Succumbed to an adder's poison

Illustrated notes

Levels and vault maps discovered:
D:1:      dpeg_arrival_lava_temple_mockup, layout_basic,
          chequers_serial_rivers_small_a
D:2:      layout_basic, shapermc_ecumenical_altar_acropolis
D:3:      layout_rooms, mainiacjoe_overflow_concentric_impassable

Skill      XL: |  1  2 |
---------------+-------+-----
Spellcasting   | 4 |  4.9
Summonings     | 5 |  5.5
Dodging        | |  2.4
Stealth        | |  2.4
Hexes          | |  0.1

Action                     |  1- 3 |  4- 6 || total
---------------------------+-------+-------++-------
  Melee: Unarmed           |    12 |     2 ||    14
   Cast: Summon Small Mamm |    55 |     6 ||    61
         Call Imp          |    23 |     3 ||    26
         Call Canine Famil |     6 |     5 ||    11
    Use: Potion            |       |     2 ||     2
   Stab: Sleeping          |     1 |       ||     1
         Distracted        |     1 |       ||     1
 Armour: Robe              |    18 |    15 ||    33
  Dodge: Dodged            |    44 |    19 ||    63

Table legend: (Time is in decaauts)
 A = Elapsed time spent in this place.
 B = Non-inter-level travel time spent in this place.
 C = Inter-level travel time spent in this place.
 D = Time resting spent in this place.
 E = Time spent auto-exploring this place.
 F = Levels seen in this place.
 G = Mean time per level.
                   A        B        C        D        E       F      G
               +--------+--------+--------+--------+--------+-----+--------+
         Total |   3234 |   3173 |     61 |    255 |   2320 |   3 | 1078.0 |
       Dungeon |   3234 |   3173 |     61 |    255 |   2320 |   3 | 1078.0 |
               +--------+--------+--------+--------+--------+-----+--------+

Top non-repeatable levels by time:
     D:2: 1859 daAuts
     D:1: 866 daAuts
     D:3: 508 daAuts
